 Dungeon Crawl Stone Soup version 0.31-a0-626-g8143ab4f1d (webtiles) character file.

Game seed: 11900773397324824709

1043 Dittersdorf the Trooper (level 8, -9/51 HPs)
             Began as a Gargoyle Fighter on Aug 24, 2023.
             Was an Initiate of Gozag.
             Mangled by an ogre
             ... wielding a +0 giant club
              (23 damage)
             ... on level 5 of the Dungeon.
             The game lasted 00:08:34 (4413 turns).

Dittersdorf the Trooper (Gargoyle Fighter)          Turns: 4413, Time: 00:08:34

Health: -9/51      AC: 19    Str: 23    XL:     8   Next: 25%
Magic:  8/8        EV: 13    Int: 10    God:    Gozag
Gold:   189        SH:  5    Dex:  9    Spells: 7/7 levels left

rFire   . . .        a - +0 flail
rCold   . . .        c - +0 buckler
rNeg    + + .        k - +0 chain mail
rPois   ∞            (no helmet)
rElec   +            g - +2 cloak
rCorr   .            (no gloves)
SInv    +            (no boots)
Will    .....        (no amulet) Stlth
                     b - +5 ring of evasion
HPRegen 0.28/turn    r - ring of the Leaf {rN+ Int+2 SInv}
MPRegen 0.11/turn

%: no passive effects
@: gold aura
A: sickness immunity, AC +5, negative energy resistance 1, electricity
resistance, torment resistance 1, petrification resistance
a: Renounce Religion, Potion Petition, Call Merchant, Bribe Branch


You were on level 5 of the Dungeon.
You worshipped Gozag.
Gozag was aware of your devotion.
You visited 2 branches of the dungeon, and saw 6 of its levels.
You also visited: Sewer and Ossuary.

You collected 286 gold pieces.
You paid 97 gold pieces to Gozag.

Inventory:

Hand Weapons
 a - a +0 flail (weapon)
Missiles
 h - 20 poisoned darts (quivered)
Armour
 c - a +0 buckler (worn)
 g - a +2 cloak (worn)
 k - a +0 chain mail (worn)
Jewellery
 b - a +5 ring of evasion (left hand)
 r - the ring of the Leaf (right hand) {rN+ Int+2 SInv}
   (You acquired it on level 5 of the Dungeon)

   [ring of see invisible]

   Int+2:     It affects your intelligence (+2).
   rN+:       It protects you from negative energy.
   SInv:      It lets you see invisible.
 s - a ring of ice
Scrolls
 e - 2 scrolls of poison
 i - a scroll of blinking
 m - 2 scrolls of revelation
 n - a scroll of teleportation
 o - a scroll of fear
Potions
 d - 2 potions of might
 f - 2 potions of curing
 j - 3 potions of haste
 l - a potion of ambrosia {unknown}
 p - a potion of mutation {unknown}
 q - a potion of lignification {unknown}


   Skills:
 + Level 6.1 Fighting
 + Level 5.0 Maces & Flails
 + Level 6.0 Armour
 + Level 6.1 Shields


You had 7 spell levels left.
You didn't know any spells.
Your spell library contained the following spells:

 Spells                   Type           Power      Damage    Failure   Level
 Necrotise                Necr           0%         1d4       94%         1
 Wereblood                Tmut           0%         N/A       98%         2
 Vampiric Draining        Necr           0%         2d6       100%        3
 Agony                    Necr           0%         N/A       100%        5
 Irradiate                Conj/Tmut      0%         3d11      100%        5


Dungeon Overview and Level Annotations

Branches:
Dungeon (5/15)             Temple (1/1) D:5           Sewer (visited)
Ossuary (visited)

Altars:
Ashenzari
Cheibriados
Dithmenos
Fedhas
Gozag
Kikubaaqudgha
Makhleb
Nemelex Xobeh
Qazlal
Ru
Sif Muna
Trog
Uskayaw
Xom
Yredelemnul
Zin
The Shining One

Shops:
D:5 ?


Innate Abilities, Weirdness & Mutations

You are immune to sickness and miasma.
Your stone body is resilient. (AC +5)
You are immune to poison.
You resist negative energy. (rN+)
You are resistant to electric shocks. (rElec)
You are resistant to unholy torment.
You are immune to petrification.


Message History

The ogre is no longer distracted by gold.
The orc hits you but does no damage.
The orc warrior hits you but does no damage.
The orc closely misses you.
You hit the orc warrior.
The orc warrior is heavily wounded.
You block the orc's attack. The orc hits you but does no damage.
You hit the ogre.
The ogre is lightly wounded.
The orc closely misses you. The orc completely misses you.
You block the orc warrior's attack.
You hit the ogre.
The ogre is lightly wounded.
The ogre hits you with a +0 giant club!!
The orc hits you but does no damage. The orc misses you.
The orc warrior hits you but does no damage.
You block the orc's attack.
The orc warrior hits you from afar with a +1 glaive of protection!
The orc hits you with a +0 trident.
* * * LOW HITPOINT WARNING * * *
You are too injured to fight recklessly!
You are too injured to fight recklessly!
You are too injured to fight recklessly!
You are too injured to fight recklessly!
You are too injured to fight recklessly!
You are too injured to fight recklessly!
You are too injured to fight recklessly!
You are too injured to fight recklessly!
You are too injured to fight recklessly!
You are too injured to fight recklessly!
You are too injured to fight recklessly!
You are too injured to fight recklessly!
You are too injured to fight recklessly!
You are too injured to fight recklessly!
You are too injured to fight recklessly!
You are too injured to fight recklessly!
You are too injured to fight recklessly!
The ogre hits you with a +0 giant club!!
You die...
Your body crumbles into a pile of gold.

**,*,,,,,,,,,,,,,,*,,,*...##.....
**,,,,,,,....,,,,,*,...........##
,,,,,,,,,....,,,*##......[#.....#
**,,,,,,,....>,,,#........#.....#
***,,,,,,.....***#..............#
,,**,,,*,......* #...............
,,**,,,,*#....o###.........#.....
,,**,**,**,*#..O#..........#.....
,,**,*,,**,**#.o@................
,,**,*,,*,,* ##o.............#...
*+**,,,,*,,* ##......<.###.###..
,,**,*,,,,** *#......#.## ### #..
,,**,**,,** #.....#.#.# ###
,,**,**,** ##...###### ***,,,*,*
##.## **,,,,,,* ### ,,,,,*,**


You could see an orc warrior, an ogre and 2 orcs.

Vanquished Creatures
  A phantom (D:4)
  A gnoll sergeant (D:4)
  2 bullfrogs (Sewer)
  A scorpion (D:4)
  A jelly (D:5)
  A human zombie (Ossuary)
  2 orc priests
  2 sleepcaps (D:4)
  Jessica (D:2)
  4 orc wizards
  A hound zombie (Ossuary)
  4 mummies (Ossuary)
  10 gnolls
  10 adders
  2 adder zombies (Ossuary)
  3 worms
  4 dart slugs
  11 orcs
  9 ball pythons
  4 bats
  5 endoplasms
  13 giant cockroaches
  A gnoll zombie (Ossuary)
  7 goblins
  11 hobgoblins
  10 jackals
  8 kobolds
  6 quokkas
  15 frilled lizards
  2 goblin zombies (Ossuary)
  A jackal zombie (Ossuary)
  A kobold zombie (Ossuary)
  An orc zombie (Ossuary)
  4 rats
  2 rat zombies (Ossuary)
161 creatures vanquished.

Notes
Turn   | Place    | Note
-------+----------+-------------------------------------------
     0 | D:1      | Dittersdorf the Gargoyle Fighter began the quest for the
                  | Orb.
     0 | D:1      | Reached XP level 1. HP: 14/14 MP: 1/1
   103 | D:1      | Reached XP level 2. HP: 19/19 MP: 2/2
   269 | D:1      | Reached XP level 3. HP: 23/23 MP: 3/3
   974 | D:2      | Reached XP level 4. HP: 25/29 MP: 4/4
  1050 | D:2      | Noticed Jessica
  1058 | D:2      | Killed Jessica
  1596 | D:3      | Reached XP level 5. HP: 25/33 MP: 5/5
  1732 | D:3      | Found a glowing drain.
  1766 | Sewer    | Entered a sewer
  2061 | Sewer    | Reached XP level 6. HP: 22/39 MP: 6/6
  2195 | Sewer    | Identified the +3 great mace of the Valley {speed, rN+
                  | Stlth+}
  2539 | D:3      | Found a faded altar of an unknown god.
  2774 | D:4      | Reached skill level 5 in Fighting
  2774 | D:4      | Reached skill level 5 in Shields
  2798 | D:4      | Reached skill level 5 in Armour
  2798 | D:4      | Reached XP level 7. HP: 34/44 MP: 7/7
  2933 | D:4      | Found a sand-covered staircase.
  2961 | Ossuary  | Entered an ossuary
  3563 | D:4      | Reached XP level 8. HP: 11/51 MP: 8/8
  3863 | D:5      | Entered Level 5 of the Dungeon
  3864 | D:5      | Identified a scroll of acquirement
  3864 | D:5      | Acquired the ring of the Leaf {rN+ Int+2 SInv}
  3934 | D:5      | Found Aptil's Magic Scroll Shop.
  3936 | D:5      | Found a staircase to the Ecumenical Temple.
  3945 | Temple   | Entered the Ecumenical Temple
  4016 | Temple   | Became a worshipper of Gozag Ym Sagoz the Greedy
  4280 | D:5      | Reached skill level 5 in Maces & Flails
  4413 | D:5      | Mangled by an ogre

Illustrated notes

Levels and vault maps discovered:
D:1:      dpeg_arrival_radiant, layout_loops_ring
D:2:      layout_basic, minmay_crystal_room, uniq_jessica
D:3:      layout_loops_cross, portal_sewer_entry_f,
          shapermc_ecumenical_altar_pompeii
D:4:      layout_gridville, lightli_ossuary_entry_decrepit_ruins,
          minmay_fountain_box, lightli_minifort
D:5:      layout_cave_pools, minmay_temple_entry_mist, serial_gnoll_camp,
          gnoll_camp_mini_sergeant, gnoll_camp_mini_shop, gnoll_camp_huts_basic,
          gnoll_camp_mini_house
Temple:   minmay_temple_bridge_d

Skill      XL: |  1  2  3  4  5  6  7  8 |
---------------+-------------------------+-----
Fighting       | 4 5 6 |  6.1
Armour         | 4 5 6 |  6.0
Shields        | 4 5 6 |  6.1
Maces & Flails | 3 4 5 |  5.0

Action                     |  1- 3 |  4- 6 |  7- 9 || total
---------------------------+-------+-------+-------++-------
  Melee: Flail             |   112 |   291 |   250 ||   653
  Throw: Dart              |       |       |     1 ||     1
    Use: Scroll            |       |     5 |     8 ||    13
 Armour: Scale mail        |    58 |   180 |       ||   238
         Chain mail        |       |    46 |   192 ||   238
  Dodge: Dodged            |    48 |   170 |   305 ||   523
  Block: Buckler           |    26 |    78 |   108 ||   212

Table legend: (Time is in decaauts)
 A = Elapsed time spent in this place.
 B = Non-inter-level travel time spent in this place.
 C = Inter-level travel time spent in this place.
 D = Time resting spent in this place.
 E = Time spent auto-exploring this place.
 F = Levels seen in this place.
 G = Mean time per level.
                   A        B        C        D        E       F      G
               +--------+--------+--------+--------+--------+-----+--------+
         Total |   4636 |   4357 |    279 |    378 |   2094 |   8 |  579.5 |
       Dungeon |   3720 |   3581 |    139 |    293 |   1903 |   5 |  744.0 |
        Temple |    142 |      2 |    140 |      0 |      0 |   1 |  142.0 |
         Sewer |    509 |    509 |      0 |     85 |     50 |   1 |  509.0 |
       Ossuary |    263 |    263 |      0 |      0 |    141 |   1 |  263.0 |
               +--------+--------+--------+--------+--------+-----+--------+

Top non-repeatable levels by time:
     D:4: 1158 daAuts
     D:3: 787 daAuts
     D:1: 768 daAuts
     D:2: 741 daAuts
   Sewer: 509 daAuts
     D:5: 264 daAuts
 Ossuary: 263 daAuts
  Temple: 142 daAuts
